 Dungeon Crawl Stone Soup version 0.21-a0-630-g344d351 (webtiles) character file.

9566 Firecrotchwizard the Impaler (level 11, -1/62 HPs)
             Began as a Merfolk Berserker on Dec 26, 2017.
             Was an Elder of Trog.
             Slain by a starcursed mass (6 damage)
             ... on level 2 of the Abyss.
             The game lasted 00:24:35 (11937 turns).

Firecrotchwizard the Impaler (Merfolk Berserker)   Turns: 11937, Time: 00:24:35

Health: -1/62      AC: 13    Str: 18    XL:     11   Next: 48%
Magic:  7/7        EV: 15    Int:  3    God:    Trog [****..]
Gold:   721        SH:  0    Dex: 12    Spells: 10/10 levels left

rFire    . . .     SeeInvis .   P - +2 glaive
rCold    . . .     Gourm    .   (shield currently unavailable)
rNeg     . . .     Faith    +   M - +2 scale mail {rPois}
rPois    +         Spirit   .   n - +1 helmet
rElec    .         Reflect  .   F - +0 cloak
rCorr    .         Harm     .   (no gloves)
MR       ++...     Rnd*Rage +   q - +2 pair of boots
Stlth    ..........             z - amulet of faith {Faith, !P}
HPRegen  1.20/turn              (no ring)
MPRegen  0.10/turn              (no ring)

@: regenerating
A: change form in water, swift swim, stealthy swim, [berserk 2], [clumsy 2],
[deformed body], [dopey 2], [frail 3], [low mp 3], [subdued magic 2]
a: Berserk, Trog's Hand, Brothers in Arms, Burn Spellbooks, Renounce Religion


You were on level 2 of the Abyss.
You worshipped Trog.
Trog was greatly pleased with you.
You were not hungry.

You visited 2 branches of the dungeon, and saw 11 of its levels.
You visited the Abyss 1 time.
You also visited: Volcano.

You collected 721 gold pieces.

Inventory:

Hand Weapons
 C - a +0 spear of pain
   (You found it on level 6 of the Dungeon)
 P - a +2 glaive (weapon)
   (You took it off an orc warrior on level 10 of the Dungeon)
Missiles
 a - 4 throwing nets {=f, !d}
 d - 9 curare-tipped needles
 E - 2 needles of confusion
Armour
 k - a +0 ring mail
   (You found it on level 1 of the Dungeon)
 n - a +1 helmet (worn)
   (You found it on level 2 of the Dungeon)
 o - a +3 plate armour
   (You found it on level 2 of the Abyss)
 q - a +2 pair of boots (worn)
   (You found it on level 2 of the Dungeon)
 F - a +0 cloak (worn)
   (You took it off Crazy Yiuf on level 7 of the Dungeon)
 K - a +2 robe of cold resistance
   (You took it off Fannar on level 10 of the Dungeon)
 M - a +2 scale mail of poison resistance (worn)
   (You took it off Urug on level 10 of the Dungeon)
 N - a +1 robe of fire resistance
   (You took it off Josephine on level 10 of the Dungeon)
Jewellery
 z - an amulet of faith (around neck) {Faith, !P}
   (You found it on level 5 of the Dungeon)
 D - an uncursed amulet of regeneration {@e1+regen, !d}
   (You found it on level 7 of the Dungeon)
 L - an uncursed ring of ice {rC+, rF-}
   (You took it off Fannar on level 10 of the Dungeon)
Wands
 m - a wand of iceblast (22)
   (You found it on level 7 of the Dungeon)
 v - a wand of flame (54)
   (You found it on level 4 of the Dungeon)
 y - a wand of random effects (39)
   (You found it on level 4 of the Dungeon)
Scrolls
 e - 12 scrolls of identify
 h - a scroll of blinking {!r}
 i - 4 scrolls of enchant weapon
 j - 8 scrolls of teleportation
 l - a scroll of amnesia
 u - 2 scrolls of remove curse
 x - a scroll of fear
 H - a scroll of fog
Potions
 b - a potion of brilliance {unknown}
 f - 2 potions of curing
 g - a potion of invisibility {unknown}
 p - 2 potions of haste
 s - a potion of agility {unknown}
 t - a potion of might {unknown}
 w - a potion of flight {unknown}
 A - a potion of cancellation
Miscellaneous
 G - a box of beasts
 I - a fan of gales
   (You found it on level 9 of the Dungeon)
Comestibles
 c - 24 rations {@e1}


   Skills:
 + Level 9.3 Fighting
 * Level 15.5 Polearms
 + Level 6.2 Armour
 + Level 10.6 Dodging
   Level 0.3 Shields


You had 10 spell levels left.
You didn't know any spells.

Dungeon Overview and Level Annotations

Branches:
Dungeon (10/15)            Temple (0/1) D:4            Lair (1/6) D:9
    Orc (0/2) D:10

Altars:
Gozag
Hepliaklqana
Kikubaaqudgha
Makhleb
Nemelex Xobeh
Okawaru
Ru
Wu Jian
Yredelemnul
The Shining One

Shops:
D:5 *   D:7 %   D:9 :

Annotations:
D:7 2 transporters


Innate Abilities, Weirdness & Mutations

You revert to your normal form in water.
You are very nimble and swift while swimming.
You are very stealthy in the water. (Stealth+)
[You often lose your temper in combat.]
[You are very clumsy. (Dex -4)]
[Armour fits poorly on your strangely shaped body.]
[You are very dopey. (Int -4)]
[You are extremely frail. (-30% HP)]
[Your magical capacity is extremely low. (-30% MP)]
[Your spells are easier to cast, but less powerful.]


Message History

The large abomination hits you but does no damage.
You slash the large abomination! The large abomination hits you!!
* * * LOW HITPOINT WARNING * * *
You take 22 damage, and have 12/89 hp.
MASSIVE DAMAGE!!
You hit the large abomination but do no damage.
The large abomination hits you but does no damage.
You regained 2 hp, and now have 14/89 hp.
You slice the large abomination!!
You are suddenly pulled into a different region of the Abyss!
You regained 2 hp, and now have 20/89 hp.
You feel much better.
You regained 16 hp, and now have 36/89 hp.
You feel much better.
You regained 32 hp, and now have 68/89 hp.
You feel the effects of Trog's Hand fading.
You regained 2 hp, and now have 71/89 hp.
Your skin stops crawling.
You feel less resistant to hostile enchantments.
A wretched star comes into view.
The wretched star glows turbulently.
The orb of energy hits you!
You take 13 damage, and have 64/89 hp.
A starcursed mass comes into view.
A starcursed mass splits.
The wretched star pulses with an eldritch light!
Your connection to magic feels subdued.
Your connection to magic feels more subdued.
A chorus of shrieks assaults your mind.
You take 5 damage, and have 61/89 hp.
The wretched star glows turbulently.
The orb of energy hits you!
You take 11 damage, and have 50/89 hp.
A starcursed mass splits.
The starcursed mass shrieks in your mind.
The wretched star glows turbulently.
The orb of energy misses you.
You take 7 damage, and have 43/89 hp.
The wretched star glows turbulently.
The orb of energy hits you!
You take 9 damage, and have 34/89 hp.
The wretched star pulses with an eldritch light!
You feel less energetic. x2
You now have 8/8 mp.
The wretched star pulses with an eldritch light!
You feel clumsy.
You feel clumsy.
The wretched star glows turbulently.
The orb of energy hits you!
You take 2 damage, and have 33/89 hp.
The wretched star glows turbulently.
The orb of energy hits you!
* * * LOW HITPOINT WARNING * * *
The orb of energy explodes!
You take 26 damage, and have 8/89 hp.
MASSIVE DAMAGE!!
The wretched star pulses with an eldritch light!
You feel stupid. x2
Your skin crawls.
You feel resistant to hostile enchantments.
You feel somewhat more hungry.
A ynoxinul comes into view.
A wretched star comes into view.
The ynoxinul bellows!
The wretched star pulses with an eldritch light!
You feel a little pissed off.
You feel angry.
You regained 2 hp, and now have 13/89 hp.
The ynoxinul gestures.
The ynoxinul gestures.
The wretched star pulses with an eldritch light!
You feel less energetic.
You now have 7/7 mp.
The ufetubus closely misses you. The ufetubus hits you.
* * * LOW HITPOINT WARNING * * *
The wretched star pulses with an eldritch light!
You feel frail. x2
A large abomination comes into view.
The wretched star pulses with an eldritch light!
You feel frail.
Your body twists and deforms.
You regained 2 hp, and now have 18/62 hp.
The ufetubus barely misses you. The ufetubus closely misses you.
You feel the effects of Trog's Hand fading.
The large abomination hits you!
* * * LOW HITPOINT WARNING * * *
You take 7 damage, and have 12/62 hp.
The ufetubus hits you but does no damage. x2
The large abomination hits you.
* * * LOW HITPOINT WARNING * * *
A starcursed mass comes into view.
You take 4 damage, and have 8/62 hp.
The starcursed mass shrieks in your mind.
* * * LOW HITPOINT WARNING * * *
The ufetubus hits you but does no damage.
The ufetubus closely misses you.
You take 5 damage, and have 3/62 hp.
An ufetubus comes into view.
The ufetubus shouts!
A starcursed mass splits.
A starcursed mass splits.
The starcursed mass engulfs you.
You die...

# ... #. .....
##. ...# #..# ..#
.. ...### ##.##
#.#
#X#.###...###...
#X@5X#.....#...
#.X##............
### #..#5....#
#.. #.###*..## .
..### ##.## ...#
#.###...## #5
...#.....#.
##.3..........
###...#. ...#...


You could see 3 starcursed masses, a wretched star, a large abomination and 2
ufetubi.

Vanquished Creatures
  Josephine (D:10)
  Urug (D:10)
  The ghost of Gorbigon the Cleaver, a novice HOBe of Trog (D:6)
  An ugly thing (D:9)
  Joseph (D:8)
  A gargoyle (D:10)
  A spiny frog (Lair:1)
  A smoke demon (Abyss:2)
  A troll (D:9)
  2 hippogriffs (D:10)
  A shadow (D:9)
  3 wraiths (D:10)
  A hungry ghost (D:8)
  Menkaure (D:7)
  A water moccasin (D:7)
  3 orc warriors
  3 sky beasts
  A black bear (D:10)
  7 ogres
  A centaur (D:10)
  A boggart (D:9)
  A big kobold (D:8)
  Blork the orc (D:4)
  6 bullfrogs
  A gnoll sergeant (D:10)
  A wyvern skeleton (D:7)
  2 scorpions
  9 killer bees
  7 howler monkeys
  5 jellies
  3 crimson imps
  2 centaur zombies (D:9)
  A quasit (D:8)
  3 bullfrog skeletons
  6 hounds
  A bullfrog zombie (D:8)
  2 centaur skeletons
  6 orc priests
  Crazy Yiuf (D:7)
  3 orc wizards
  Jessica (D:3)
  2 iguanas
  Natasha (thrice) (D:3)
  3 worker ants
  A hound skeleton (D:4)
  A howler monkey zombie (D:10)
  A worker ant zombie (D:6)
  6 gnolls
  7 adders
  3 shadow imps
  An adder skeleton (D:7)
  An adder zombie (D:9)
  4 worms (D:2)
  3 dart slugs
  7 leopard geckos
  44 orcs
  9 bats
  6 giant cockroaches
  9 goblins
  10 hobgoblins
  12 jackals
  11 kobolds
  7 quokkas
  3 ball pythons
  6 frilled lizards
  A quokka skeleton (D:7)
  8 rats
265 creatures vanquished.

Vanquished Creatures (collateral kills)
  Fannar (D:10)
  2 orcs (D:10)
3 creatures vanquished.

Vanquished Creatures (others)
  2 starspawn tentacles (Abyss:2)
2 creatures vanquished.

Grand Total: 270 creatures vanquished

Notes
Turn   | Place    | Note
-------+----------+-------------------------------------------
     0 | D:1      | Firecrotchwizard the Merfolk Berserker began the quest for the Orb.
     0 | D:1      | Reached XP level 1. HP: 18/18 MP: 1/1
   215 | D:1      | Reached XP level 2. HP: 24/24 MP: 2/2
   242 | D:1      | Reached skill level 3 in Dodging
   366 | D:1      | Reached skill level 5 in Polearms
   523 | D:1      | Reached XP level 3. HP: 25/29 MP: 3/3
   542 | D:1      | Reached ** piety under Trog
  1191 | D:2      | Reached XP level 4. HP: 37/37 MP: 4/4
  1480 | D:2      | Reached skill level 2 in Armour
  1737 | D:2      | Found a sacrificial altar of Ru.
  1891 | D:2      | Found a hazy altar of Hepliaklqana.
  1995 | D:3      | Noticed Jessica
  2009 | D:3      | Killed Jessica
  2009 | D:3      | Reached skill level 6 in Polearms
  2045 | D:3      | Reached XP level 5. HP: 42/42 MP: 5/5
  2158 | D:3      | Noticed Natasha
  2164 | D:3      | Killed Natasha
  2164 | D:3      | Reached skill level 4 in Fighting
  2192 | D:3      | Noticed Natasha
  2210 | D:3      | Killed Natasha
  2210 | D:3      | Reached skill level 4 in Dodging
  2453 | D:3      | Found an opulent altar of Gozag.
  2637 | D:3      | Noticed Natasha
  2656 | D:3      | Killed Natasha
  2695 | D:3      | Found a basalt altar of Yredelemnul.
  2755 | D:3      | Reached *** piety under Trog
  2755 | D:3      | Reached XP level 6. HP: 45/48 MP: 6/6
  3158 | D:4      | Reached skill level 7 in Polearms
  3624 | D:4      | Noticed Blork the orc
  3637 | D:4      | Killed Blork the orc
  3637 | D:4      | Reached skill level 5 in Dodging
  3637 | D:4      | Reached XP level 7. HP: 53/55 MP: 7/7
  3700 | D:4      | Found a staircase to the Ecumenical Temple.
  3897 | D:5      | Entered Level 5 of the Dungeon
  3911 | D:5      | Reached skill level 8 in Polearms
  3932 | D:5      | Found a sparkling altar of Nemelex Xobeh.
  4114 | D:5      | Found an ancient bone altar of Kikubaaqudgha.
  4227 | D:5      | Found an iron altar of Okawaru.
  4230 | D:5      | Got a brightly glowing short sword
  4234 | D:5      | Got an iridescent hand axe
  4292 | D:5      | Found Nuttouha's General Store.
  4423 | D:5      | Reached skill level 5 in Fighting
  4560 | D:6      | Noticed Gorbigon's ghost (novice HOBe)
  4846 | D:6      | Killed Gorbigon's ghost
  4846 | D:6      | Reached skill level 9 in Polearms
  4846 | D:6      | Reached skill level 3 in Armour
  4846 | D:6      | Reached skill level 6 in Dodging
  4846 | D:6      | Reached XP level 8. HP: 43/63 MP: 8/8
  5230 | D:6      | Reached skill level 10 in Polearms
  5739 | D:7      | Found an ornate altar of the Wu Jian Council.
  5741 | D:7      | Reached skill level 6 in Fighting
  5804 | D:7      | Noticed Menkaure
  5807 | D:7      | HP: 11/64 [??? (9)]
  6079 | D:7      | Killed Menkaure
  6161 | D:7      | Found a burning altar of Makhleb.
  6207 | D:7      | Found a transporter.
  6320 | D:7      | Found a transporter.
  6448 | D:7      | Reached skill level 7 in Dodging
  6448 | D:7      | Reached XP level 9. HP: 57/69 MP: 9/9
  6577 | D:7      | Found Opruorog's Food Emporium.
  6599 | D:7      | Reached skill level 4 in Armour
  6609 | D:7      | Reached skill level 11 in Polearms
  6837 | D:7      | Found a sacrificial altar of Ru.
  6837 | D:7      | Found a burning altar of Makhleb.
  7125 | D:7      | Found a runed door.
  7129 | D:7      | Noticed Crazy Yiuf
  7137 | D:7      | Killed Crazy Yiuf
  7191 | D:8      | Noticed Joseph
  7215 | D:8      | Killed Joseph
  7509 | D:8      | Reached **** piety under Trog
  7555 | D:8      | Reached skill level 7 in Fighting
  7571 | D:8      | Reached skill level 12 in Polearms
  7636 | D:8      | Reached skill level 8 in Dodging
  7823 | D:8      | Got a polished hand axe
  8392 | D:9      | Found Cimoqekh's Book Shop.
  8399 | D:9      | Found a staircase to the Lair.
  8412 | D:9      | Reached XP level 10. HP: 79/79 MP: 10/10
  8519 | D:9      | Reached skill level 13 in Polearms
  8530 | D:9      | Reached skill level 5 in Armour
  8787 | D:9      | Reached skill level 9 in Dodging
  8847 | D:9      | Reached skill level 8 in Fighting
  8954 | D:9      | Noticed a cyan ugly thing
  8962 | D:9      | Killed a cyan ugly thing
  8962 | D:9      | Received a gift from Trog
  9289 | D:9      | Found a glowing golden altar of the Shining One.
  9482 | D:10     | Entered Level 10 of the Dungeon
  9569 | D:10     | Reached skill level 14 in Polearms
  9634 | D:10     | Noticed a gargoyle
  9711 | D:10     | Killed a gargoyle
  9892 | D:10     | Noticed Fannar
  9905 | D:10     | HP: 19/82 [Fannar/Ozocubu's Refrigeration (20)]
 10507 | D:10     | Killed Fannar
 10819 | D:10     | Reached XP level 11. HP: 79/87 MP: 11/11
 10833 | D:10     | Noticed Urug
 10849 | D:10     | Killed Urug
 10849 | D:10     | Reached skill level 10 in Dodging
 10849 | D:10     | HP: 20/87 [poisoned by Urug]
 10923 | D:10     | Noticed Josephine
 10937 | D:10     | Killed Josephine
 10937 | D:10     | Reached skill level 9 in Fighting
 10937 | D:10     | Reached skill level 15 in Polearms
 10937 | D:10     | Reached skill level 6 in Armour
 11337 | D:10     | Found a staircase to the Orcish Mines.
 11444 | D:10     | Reached ***** piety under Trog
 11616 | Lair:1   | Entered Level 1 of the Lair of Beasts
 11729 | Lair:1   | Found a dark tunnel.
 11738 | Volcano  | Entered a volcano
 11746 | Volcano  | Noticed a wizard
 11753 | Volcano  | Cast into level 2 of the Abyss (a wizard)
 11785 | Abyss:2  | Noticed a tentacled starspawn
 11810 | Abyss:2  | Noticed a thrashing horror
 11810 | Abyss:2  | Noticed a large abomination
 11838 | Abyss:2  | Noticed a thrashing horror
 11862 | Abyss:2  | Noticed a starcursed mass
 11874 | Abyss:2  | HP: 12/89 [large abomination (23)]
 11900 | Abyss:2  | Noticed a wretched star
 11905 | Abyss:2  | Noticed a starcursed mass
 11918 | Abyss:2  | HP: 8/89 [wretched star/orb of energy (26)]
 11926 | Abyss:2  | Noticed a wretched star
 11930 | Abyss:2  | HP: 17/89 [ufetubus[a ynoxinul] (1)]
 11931 | Abyss:2  | Noticed a large abomination
 11934 | Abyss:2  | HP: 8/62 [large abomination (5)]
 11935 | Abyss:2  | Noticed a starcursed mass
 11935 | Abyss:2  | HP: 3/62 [starcursed mass/accursed screaming (7)]
 11937 | Abyss:2  | Slain by a starcursed mass

Vault maps used:
D:1:      dpeg_chamrin_arrival_tetris
D:2:      marbit_many_paths, minmay_misc_feat_plants,
          nicolae_ru_the_path_less_chosen
D:3:      nicolae_gozag_seed_capital, old_standard_altar, first_ration,
          minmay_goblin_kobold_house, uniq_jessica, uniq_natasha
D:4:      temple_pool_b, hangedman_minor_gate_pass, uniq_blork_the_orc
D:5:      nemelex_xobeh_ov_fountains_minmay, kiku_gazebo_pond_becter,
          serial_shops, nicolae_shop_behind_doors, okawaru_ov_weapons_minmay
D:6:      uniq_grinder
D:7:      gammafunk_steamed_eel, gammafunk_temple_overflow_elements,
          lemuel_crystal_altar, serial_shops, nicolae_shop_crystal,
          serial_column_ruins, column_ruins_hut_ruined, column_ruins_hut,
          column_ruins_grid_2, column_ruins_grid_3, column_ruins_columns_water,
          column_ruins_corridor_straight, column_ruins_open_small_water,
          bloody_makhleb, uniq_crazy_yiuf_cottage, uniq_menkaure
D:8:      grunt_ogre_cave, uniq_joseph
D:9:      minmay_bloctagon_deflated, nicolae_tso_carved_into_rock,
          lair_entry_dummy, serial_shops, kennysheep_mini_moat
D:10:     hiddenorc2_lemuel, nrook_mini_vaults, uniq_urug, uniq_josephine,
          uniq_fannar
Lair:1:   lightli_volcano_entry_magma_tube, cheibrodos_lair_caveside_slide,
          minivault_25, grunt_megastairs_5, serial_bayou_shore_b,
          serial_bayou_shore_b, infiniplex_staircase_pool
Volcano:  volcano_bunker

Skill      XL: |  1  2  3  4  5  6  7  8  9 10 11 |
---------------+----------------------------------+-----
Dodging        | 3 4 5 6 7 8 9 10 | 10.6
Polearms       | 5 6 7 9 10 12 14 15 | 15.5
Armour         | 2 3 4 5 6 |  6.2
Fighting       | 4 5 6 7 8 9 |  9.3
Shields        | |  0.3

Action                   |  1- 3 |  4- 6 |  7- 9 | 10-12 || total
-------------------------+-------+-------+-------+-------++-------
Melee: Spear             |   141 |   333 |       |       ||   474
       Halberd           |       |    10 |   286 |   337 ||   633
       Glaive            |       |       |       |    56 ||    56
Invok: Trog's Hand       |     1 |     4 |     6 |     7 ||    18
       Berserk           |       |       |     2 |       ||     2
       Burn Spellbooks   |       |       |     1 |       ||     1
       Brothers in Arms  |       |       |       |     2 ||     2
Evoke: Wand              |       |       |       |     3 ||     3
  Use: Scroll            |       |       |    15 |     7 ||    22
       Potion            |       |       |     2 |     4 ||     6
 Stab: Sleeping          |     1 |       |       |       ||     1
       Distracted        |       |       |       |     1 ||     1
  Eat: Chunk             |     1 |     9 |     9 |     6 ||    25
       Ration            |       |       |     5 |     3 ||     8
Armor: Animal skin       |    22 |       |       |       ||    22
       Ring mail         |     9 |    52 |    76 |    80 ||   217
       Scale mail        |       |       |       |    38 ||    38
Dodge: Dodged            |    99 |   139 |   200 |   274 ||   712
Block: Buckler           |       |     3 |       |       ||     3

Table legend:
 A = Spawn XP
 B = Non-spawn XP
 C = Spawn XP percentage of total XP
 D = Spawn monster count
 E = Non-spawn monster count
 F = Spawn count percentage of total count
 G = Total turns spent on level
                    A         B        C        D         E        F      G
               +---------+---------+-------+---------+---------+-------+---------
         Total |     403 |   13264 |   2.9 |       1 |     266 |   0.4 | 11937
               +---------+---------+-------+---------+---------+-------+---------
           D:1 |       0 |      50 |   0.0 |       0 |      27 |   0.0 |  1109
           D:2 |       0 |      77 |   0.0 |       0 |      25 |   0.0 |   881
           D:3 |       0 |     211 |   0.0 |       0 |      35 |   0.0 |  1073
           D:4 |       0 |     372 |   0.0 |       0 |      16 |   0.0 |   834
           D:5 |       0 |     217 |   0.0 |       0 |      13 |   0.0 |   852
           D:6 |       0 |     975 |   0.0 |       0 |       9 |   0.0 |  1218
           D:7 |       0 |     835 |   0.0 |       0 |      15 |   0.0 |  1470
           D:8 |       0 |    1823 |   0.0 |       0 |      33 |   0.0 |   885
           D:9 |       0 |    2665 |   0.0 |       0 |      28 |   0.0 |  1711
          D:10 |       0 |    5621 |   0.0 |       0 |      64 |   0.0 |  1583
        Lair:1 |       0 |     418 |   0.0 |       0 |       1 |   0.0 |   122
       Abyss:2 |     403 |       0 | 100.0 |       1 |       0 | 100.0 |   184
               +---------+---------+-------+---------+---------+-------+---------

Vault maps used:
D:1:      dpeg_chamrin_arrival_tetris
D:2:      marbit_many_paths, minmay_misc_feat_plants,
          nicolae_ru_the_path_less_chosen
D:3:      nicolae_gozag_seed_capital, old_standard_altar, first_ration,
          minmay_goblin_kobold_house, uniq_jessica, uniq_natasha
D:4:      temple_pool_b, hangedman_minor_gate_pass, uniq_blork_the_orc
D:5:      nemelex_xobeh_ov_fountains_minmay, kiku_gazebo_pond_becter,
          serial_shops, nicolae_shop_behind_doors, okawaru_ov_weapons_minmay
D:6:      uniq_grinder
D:7:      gammafunk_steamed_eel, gammafunk_temple_overflow_elements,
          lemuel_crystal_altar, serial_shops, nicolae_shop_crystal,
          serial_column_ruins, column_ruins_hut_ruined, column_ruins_hut,
          column_ruins_grid_2, column_ruins_grid_3, column_ruins_columns_water,
          column_ruins_corridor_straight, column_ruins_open_small_water,
          bloody_makhleb, uniq_crazy_yiuf_cottage, uniq_menkaure
D:8:      grunt_ogre_cave, uniq_joseph
D:9:      minmay_bloctagon_deflated, nicolae_tso_carved_into_rock,
          lair_entry_dummy, serial_shops, kennysheep_mini_moat
D:10:     hiddenorc2_lemuel, nrook_mini_vaults, uniq_urug, uniq_josephine,
          uniq_fannar
Lair:1:   lightli_volcano_entry_magma_tube, cheibrodos_lair_caveside_slide,
          minivault_25, grunt_megastairs_5, serial_bayou_shore_b,
          serial_bayou_shore_b, infiniplex_staircase_pool
Volcano:  volcano_bunker

Table legend:
 A = Turns spent in this place as a percentage of turns spent in the entire game.
 B = Non-inter-level travel turns spent in this place as a percentage of non-inter-level travel turns spent in the entire game.
 C = Inter-level travel turns spent in this place as a percentage of turns spent in this place.
 D = Turns resting spent in this place as a percentage of non-inter-level travel turns spent in this place.
 E = Turns spent auto-exploring this place as a percentage of non-inter-level travel turns spent in this place.
 F = Non-inter-level travel turns spent in this place divided by the number of levels of this place that you've seen.
                   A       B       C       D       E      F
               +-------+-------+-------+-------+-------+----------------------
         Total | 100.0 | 100.0 |   3.1 |  31.1 |  48.7 | 890.0
       Dungeon |  97.3 |  97.2 |   3.2 |  31.5 |  50.1 | 1124.9
          Lair |   1.0 |   1.1 |   0.0 |  41.8 |   0.0 | 122.0
         Abyss |   1.5 |   1.6 |   0.0 |   0.0 |   0.0 | 184.0
       Volcano |   0.1 |   0.1 |   0.0 |   0.0 |   0.0 |  15.0
               +-------+-------+-------+-------+-------+----------------------

Table legend:
 A = Kills in this place as a percentage of kills in entire the game.
 B = Kills by you in this place as a percentage of kills by you in the entire game.
 C = Kills by friends in this place as a percentage of kills by friends in the entire game.
 D = Other kills in this place as a percentage of other kills in the entire game.
 E = Experience gained in this place as a percentage of experience gained in the entire game.
 F = Experience gained in this place divided by the number of levels of this place that you have seen.
                   A       B       C       D       E      F
               +-------+-------+-------+-------+-------+----------------------
         Total | 100.0 | 100.0 | 100.0 |   N/A | 100.0 | 1051.3
       Dungeon |  99.3 |  99.2 | 100.0 |   N/A |  94.0 | 1284.6
          Lair |   0.4 |   0.4 |   0.0 |   N/A |   3.1 | 418.0
         Abyss |   0.4 |   0.4 |   0.0 |   N/A |   2.9 | 403.0
               +-------+-------+-------+-------+-------+----------------------
